TOP OF THE 1ST |
Charlotte Knights batting - Pitching for Scranton WB RailRiders : LHP Omar Quinones
|
Pitching: LHP Omar Quinones
|
|
Batting: RHB Ron Johansen
|
0-0: Called Strike 0-1: Ball 1-1: Fly out, F9 (Flyball, 9, EV 88.1 MPH)
|
Batting: RHB Vic Lucatero
|
0-0: Ball 1-0: Ball 2-0: Called Strike 2-1: Foul Ball, location: 2F 2-2: Ball 3-2: Strikes out swinging
|
Batting: LHB Carlos Ramirez
|
0-0: Called Strike 0-1: Foul Ball, location: 2F 0-2: Ball 1-2: Ball 2-2: Fly out, F8 (Flyball, 8LD, EV 96.9 MPH)
|
Top of the 1st over - 0 runs, 0 hits, 0 errors, 0 left on base; Charlotte 0 - Scranton WB 0 |
BOTTOM OF THE 1ST |
Scranton WB RailRiders batting - Pitching for Charlotte Knights : LHP Isaias Felix
|
Pitching: LHP Isaias Felix
|
|
Batting: RHB Josh Zoglmann
|
0-0: Ball 1-0: Ball 2-0: Ball 3-0: Base on Balls
|
Batting: RHB Andy Wasierski
|
0-0: Ball 1-0: Ball 2-0: Foul Ball, location: 2F 2-1: Ball 3-1: Foul Ball, location: 2F 3-2: Foul Ball, location: 2F 3-2: Base on Balls Josh Zoglmann to second
|
Batting: SHB Mukhtar Wa'il
|
0-0: Ball 1-0: Called Strike 1-1: Foul Ball, location: 2F 1-2: Foul Ball, location: 2F 1-2: Foul Ball, location: 2F 1-2: Ball 2-2: Foul Ball, location: 2F 2-2: Strikes out swinging
|
Batting: SHB Ryan Buchbinder
|
0-0: Foul Ball, location: 2F 0-1: Ball 1-1: Foul Ball, location: 2F 1-2: Ball 2-2: Ball 3-2: Foul Ball, location: 2F 3-2: Foul Ball, location: 2F 3-2: Reached on error, E5 (Groundball, 56S, EV 90.6 MPH) Josh Zoglmann to third Andy Wasierski to second
|
Batting: LHB Aaron Joyner
|
0-0: Ball 1-0: Swinging Strike 1-1: Ball 2-1: Fly out, F9 (Flyball, 9D, EV 89.4 MPH)
|
Batting: RHB Jerry Castro
|
0-0: Fly out, F7 (Line Drive, 7, EV 96.2 MPH)
|
Bottom of the 1st over - 0 runs, 0 hits, 1 error, 3 left on base; Charlotte 0 - Scranton WB 0 |
TOP OF THE 2ND |
Charlotte Knights batting - Pitching for Scranton WB RailRiders : LHP Omar Quinones
|
Batting: RHB Jeremy Hoffert
|
0-0: Called Strike 0-1: Ground out 6-3 (Groundball, 4M, EV 86.2 MPH)
|
Batting: RHB Kikuo Sato
|
0-0: Called Strike 0-1: Ball 1-1: DOUBLE (Line Drive, 9LM, EV 98.1 MPH)
|
Batting: LHB Jason Bell
|
0-0: Called Strike Kikuo Sato is caught stealing 3rd base 2-5 0-1: Called Strike 0-2: Foul Ball, location: 2F 0-2: Ball 1-2: SINGLE (Line Drive, 89M, EV 108.1 MPH)
|
Batting: RHB Micah Brown
|
0-0: Ball 1-0: Called Strike 1-1: Swinging Strike 1-2: Foul Ball, location: 2F 1-2: Ball 2-2: Foul Ball, location: 2F 2-2: Strikes out swinging
|
Top of the 2nd over - 0 runs, 2 hits, 0 errors, 1 left on base; Charlotte 0 - Scranton WB 0 |
BOTTOM OF THE 2ND |
Scranton WB RailRiders batting - Pitching for Charlotte Knights : LHP Isaias Felix
|
Batting: RHB Jordan Barragan
|
0-0: Ball 1-0: Ball 2-0: Called Strike 2-1: Ball 3-1: Base on Balls
|
Batting: SHB Jose Vargas
|
0-0: Called Strike 0-1: Grounds into double play, 1-6-3 (Groundball, 13S, EV 66.9 MPH)
|
Batting: SHB Joe Fure
|
0-0: Ball 1-0: Called Strike 1-1: Swinging Strike 1-2: Ball 2-2: Foul Ball, location: 2F 2-2: Fly out, F9 (Flyball, 9, EV 95.6 MPH)
|
Bottom of the 2nd over - 0 runs, 0 hits, 0 errors, 0 left on base; Charlotte 0 - Scranton WB 0 |
TOP OF THE 3RD |
Charlotte Knights batting - Pitching for Scranton WB RailRiders : LHP Omar Quinones
|
Batting: RHB Danny Longoria
|
0-0: Ball 1-0: Fly out, F9 (Flyball, 9LS, EV 78.1 MPH)
|
Batting: RHB Steve Waltenbery
|
0-0: Called Strike 0-1: Called Strike 0-2: Ball 1-2: Strikes out swinging
|
Batting: RHB Ron Johansen
|
0-0: Swinging Strike 0-1: Ground out 6-3 (Groundball, 6, EV 101.2 MPH)
|
Top of the 3rd over - 0 runs, 0 hits, 0 errors, 0 left on base; Charlotte 0 - Scranton WB 0 |
BOTTOM OF THE 3RD |
Scranton WB RailRiders batting - Pitching for Charlotte Knights : LHP Isaias Felix
|
Batting: RHB Josh Zoglmann
|
0-0: Ground out 1-3 (Groundball, 15S, EV 70.0 MPH)
|
Batting: RHB Andy Wasierski
|
0-0: Foul Ball, location: 2F 0-1: Ball 1-1: Ground out 5-3 (Groundball, 56S, EV 80.6 MPH)
|
Batting: SHB Mukhtar Wa'il
|
0-0: Called Strike 0-1: Ball 1-1: Foul Ball, location: 2F 1-2: Ball 2-2: Foul Ball, location: 2F 2-2: Fly out, F5 (Popup, 5F, EV 65.0 MPH)
|
Bottom of the 3rd over - 0 runs, 0 hits, 0 errors, 0 left on base; Charlotte 0 - Scranton WB 0 |
TOP OF THE 4TH |
Charlotte Knights batting - Pitching for Scranton WB RailRiders : LHP Omar Quinones
|
Batting: RHB Vic Lucatero
|
0-0: Ball 1-0: Ball 2-0: Ball 3-0: Base on Balls
|
Batting: LHB Carlos Ramirez
|
0-0: Ball 1-0: Called Strike 1-1: Foul Ball, location: 2F 1-2: Grounds into double play, 4-6-3 (Groundball, 4D, EV 103.8 MPH)
|
Batting: RHB Jeremy Hoffert
|
0-0: Foul Ball, location: 2F 0-1: Ground out U3 (Groundball, 34S, EV 88.1 MPH)
|
Top of the 4th over - 0 runs, 0 hits, 0 errors, 0 left on base; Charlotte 0 - Scranton WB 0 |
BOTTOM OF THE 4TH |
Scranton WB RailRiders batting - Pitching for Charlotte Knights : LHP Isaias Felix
|
Batting: SHB Ryan Buchbinder
|
0-0: Called Strike 0-1: Ball 1-1: DOUBLE (Line Drive, 7LS, EV 108.8 MPH)
|
Batting: LHB Aaron Joyner
|
0-0: Ground out 4-3 (Groundball, 4D, EV 88.8 MPH) Ryan Buchbinder to third
|
Batting: RHB Jerry Castro
|
0-0: Ball 1-0: Ball 2-0: Ball 3-0: Base on Balls
|
Batting: RHB Jordan Barragan
|
0-0: Ball 1-0: Ball 2-0: Ball 3-0: Called Strike 3-1: Base on Balls Jerry Castro to second
|
Batting: SHB Jose Vargas
|
0-0: Called Strike 0-1: Ball 1-1: Fly out, F3 (Line Drive, 3, EV 75.0 MPH) Lined into DP, U3 (Line Drive, 3, EV 67.5 MPH)
|
Bottom of the 4th over - 0 runs, 1 hit, 0 errors, 2 left on base; Charlotte 0 - Scranton WB 0 |
TOP OF THE 5TH |
Charlotte Knights batting - Pitching for Scranton WB RailRiders : LHP Omar Quinones
|
Batting: RHB Kikuo Sato
|
0-0: Ground out 5-3 (Groundball, 56S, EV 89.4 MPH)
|
Batting: LHB Jason Bell
|
0-0: Called Strike 0-1: Called Strike 0-2: Foul Ball, location: 2F 0-2: SINGLE (Groundball, 4, EV 94.4 MPH)
|
Batting: RHB Micah Brown
|
0-0: Swinging Strike 0-1: Ball 1-1: Foul Ball, location: 2F 1-2: Ball 2-2: Foul Ball, location: 2F 2-2: Reached on error, E5 (Groundball, 56, EV 88.8 MPH) Jason Bell to second
|
Batting: RHB Danny Longoria
|
0-0: Ball 1-0: Grounds into double play, 6-4-3 (Groundball, 56, EV 82.5 MPH)
|
Top of the 5th over - 0 runs, 1 hit, 1 error, 1 left on base; Charlotte 0 - Scranton WB 0 |
BOTTOM OF THE 5TH |
Scranton WB RailRiders batting - Pitching for Charlotte Knights : LHP Isaias Felix
|
Batting: SHB Joe Fure
|
0-0: Ball 1-0: Ball 2-0: Ball 3-0: Base on Balls
|
Batting: RHB Josh Zoglmann
|
0-0: Called Strike 0-1: Ground out 6-3 (Groundball, 6MS, EV 72.5 MPH) Joe Fure to second
|
Batting: RHB Andy Wasierski
|
0-0: Called Strike Joe Fure steals 3rd base 0-1: Fly out, F7 (Line Drive, 7LM, EV 105.6 MPH)
|
Batting: SHB Mukhtar Wa'il
|
0-0: Intentional Walk
|
Batting: SHB Ryan Buchbinder
|
0-0: DOUBLE (Flyball, 89XD, EV 108.1 MPH) Joe Fure scores Mukhtar Wa'il to third
|
Batting: LHB Aaron Joyner
|
0-0: Ball 1-0: Foul Ball, location: 2F 1-1: Ball 2-1: SINGLE (Groundball, 4MD, EV 101.2 MPH) Mukhtar Wa'il scores Ryan Buchbinder to third Runner from 3rd tries for Home, SAFE, throw by CF to home Aaron Joyner to second
|
Batting: RHB Jerry Castro
|
0-0: Intentional Walk
|
Batting: RHB Jordan Barragan
|
0-0: Ball 1-0: Fly out, F6 (Line Drive, 4M, EV 76.9 MPH)
|
Bottom of the 5th over - 3 runs, 2 hits, 0 errors, 2 left on base; Charlotte 0 - Scranton WB 3 |
TOP OF THE 6TH |
Charlotte Knights batting - Pitching for Scranton WB RailRiders : LHP Omar Quinones
|
Batting: RHB Steve Waltenbery
|
0-0: Ball 1-0: Foul Ball, location: 2F 1-1: Called Strike 1-2: Foul Ball, location: 2F 1-2: Foul Ball, location: 2F 1-2: Strikes out looking
|
Batting: RHB Ron Johansen
|
0-0: Ball 1-0: Called Strike 1-1: Swinging Strike 1-2: Strikes out swinging
|
Batting: RHB Vic Lucatero
|
0-0: Ball 1-0: Ball 2-0: SINGLE (Flyball, 3D, EV 90.0 MPH)
|
Batting: LHB Carlos Ramirez
|
0-0: Foul Ball, location: 2F 0-1: Ball 1-1: Ball 2-1: Ground out U3 (Groundball, 3, EV 102.5 MPH)
|
Top of the 6th over - 0 runs, 1 hit, 0 errors, 1 left on base; Charlotte 0 - Scranton WB 3 |
BOTTOM OF THE 6TH |
Scranton WB RailRiders batting - Pitching for Charlotte Knights : LHP Isaias Felix
|
Batting: SHB Jose Vargas
|
0-0: Swinging Strike 0-1: Ball 1-1: DOUBLE (Line Drive, 78D, EV 105.6 MPH)
|
Batting: SHB Joe Fure
|
0-0: Ball 1-0: Ball 2-0: Swinging Strike 2-1: Foul Ball, location: 2F 2-2: Strikes out swinging
|
Batting: RHB Josh Zoglmann
|
0-0: Called Strike 0-1: Ball 1-1: Foul Ball, location: 2F 1-2: Ground out 5-3 (Groundball, 56, EV 91.2 MPH)
|
Batting: RHB Andy Wasierski
|
0-0: Fly out, F8 (Flyball, 8RD, EV 100.6 MPH)
|
Bottom of the 6th over - 0 runs, 1 hit, 0 errors, 1 left on base; Charlotte 0 - Scranton WB 3 |
TOP OF THE 7TH |
Charlotte Knights batting - Pitching for Scranton WB RailRiders : LHP Omar Quinones
|
Batting: RHB Jeremy Hoffert
|
0-0: Foul Ball, location: 2F 0-1: Swinging Strike 0-2: Ball 1-2: Ball 2-2: Fly out, F3 (Popup, 3SF, EV 68.1 MPH)
|
Pitching: RHP Joe Kimbrough
|
|
Batting: RHB Kikuo Sato
|
0-0: Swinging Strike 0-1: Swinging Strike 0-2: Ball 1-2: Strikes out swinging
|
Batting: LHB Jason Bell
|
0-0: Called Strike 0-1: Ball 1-1: Called Strike 1-2: Ball 2-2: DOUBLE (Groundball, 3L, EV 100.0 MPH)
|
Batting: RHB Micah Brown
|
0-0: Ball 1-0: Called Strike 1-1: Foul Ball, location: 2F 1-2: Foul Ball, location: 2F 1-2: Foul Ball, location: 2F 1-2: Strikes out looking
|
Top of the 7th over - 0 runs, 1 hit, 0 errors, 1 left on base; Charlotte 0 - Scranton WB 3 |
BOTTOM OF THE 7TH |
Scranton WB RailRiders batting - Pitching for Charlotte Knights : LHP Isaias Felix
|
Pitching: RHP Luis Castillo
|
|
Batting: SHB Mukhtar Wa'il
|
0-0: Ball 1-0: Ball 2-0: Fly out, F8 (Flyball, 78D, EV 80.6 MPH)
|
Batting: SHB Ryan Buchbinder
|
0-0: Ground out 3-1 (Groundball, 34, EV 108.8 MPH)
|
Batting: LHB Aaron Joyner
|
0-0: Ball 1-0: Called Strike 1-1: Swinging Strike 1-2: Foul Ball, location: 2F 1-2: Strikes out swinging
|
Bottom of the 7th over - 0 runs, 0 hits, 0 errors, 0 left on base; Charlotte 0 - Scranton WB 3 |
TOP OF THE 8TH |
Charlotte Knights batting - Pitching for Scranton WB RailRiders : RHP Joe Kimbrough
|
Batting: RHB Danny Longoria
|
0-0: Swinging Strike 0-1: Ball 1-1: SINGLE (Groundball, 6M, EV 106.2 MPH) (infield hit)
|
Batting: RHB Steve Waltenbery
|
0-0: Foul Ball, location: 2F 0-1: Ball 1-1: Ball 2-1: Foul Ball, location: 2F 2-2: Ground out 4-3 (Groundball, 34, EV 85.6 MPH) Danny Longoria to second
|
Pinch Hitting: LHB Joe Kirkland
|
0-0: Ball 1-0: Ball 2-0: Foul Ball, location: 2F 2-1: Ball 3-1: Ground out 4-3 (Groundball, 4M, EV 78.1 MPH) Danny Longoria to third
|
Batting: RHB Vic Lucatero
|
0-0: Called Strike 0-1: Called Strike 0-2: Ball 1-2: Foul Ball, location: 2F 1-2: Ball 2-2: Ball 3-2: Strikes out swinging
|
Top of the 8th over - 0 runs, 1 hit, 0 errors, 1 left on base; Charlotte 0 - Scranton WB 3 |
BOTTOM OF THE 8TH |
Scranton WB RailRiders batting - Pitching for Charlotte Knights : RHP Luis Castillo
|
Now at 1B: Matt McDevitt
|
|
Batting: RHB Jerry Castro
|
0-0: Ball 1-0: Foul Ball, location: 2F 1-1: Ball 2-1: Ball 3-1: Base on Balls
|
Batting: RHB Jordan Barragan
|
0-0: Ball 1-0: Bunt missed! 1-1: Bunted foul 1-2: Fielders Choice at 2nd, 6-4 (Groundball, 6, EV 83.1 MPH)
|
Batting: SHB Jose Vargas
|
0-0: Ball 1-0: Swinging Strike 1-1: Called Strike 1-2: Fly out, F5 (Popup, 5SF, EV 75.6 MPH)
|
Batting: SHB Joe Fure
|
0-0: Swinging Strike 0-1: Ground out 6-3 (Groundball, 6D, EV 105.0 MPH)
|
Bottom of the 8th over - 0 runs, 0 hits, 0 errors, 1 left on base; Charlotte 0 - Scranton WB 3 |
TOP OF THE 9TH |
Charlotte Knights batting - Pitching for Scranton WB RailRiders : RHP Joe Kimbrough
|
Pitching: RHP Mark Stafford
|
|
Batting: LHB Carlos Ramirez
|
0-0: Swinging Strike 0-1: Hit by Pitch
|
Batting: RHB Jeremy Hoffert
|
0-0: Fly out, F7 (Flyball, 7LSF, EV 78.8 MPH)
|
Pinch Hitting: LHB John Thurman
|
0-0: Fly out, F7 (Flyball, 78M, EV 73.8 MPH)
|
Batting: LHB Jason Bell
|
0-0: Ground out U3 (Groundball, 3L, EV 107.5 MPH)
|
Top of the 9th over - 0 runs, 0 hits, 0 errors, 1 left on base; Charlotte 0 - Scranton WB 3 |
|